 Dungeon Crawl Stone Soup version 0.29.1-13-g9f3cf754e1 (webtiles) character file.

Game seed: 10748940590665151502

6995 KittyFluff the Basher (level 11, -3/102 HPs)
             Began as a Gargoyle Berserker on Feb 8, 2023.
             Was a High Priest of Trog.
             Slain by a yak (8 damage)
             ... on level 8 of the Dungeon.
             The game lasted 00:38:27 (9409 turns).

KittyFluff the Basher (Gargoyle Berserker)          Turns: 9409, Time: 00:38:28

Health: -3/102     AC: 25    Str: 22    XL:     11   Next: 8%
Magic:  11/11      EV:  2    Int:  7    God:    Trog [*****.]
Gold:   562        SH:  0    Dex: 13    Spells: 10/10 levels left

rFire   . . .      SeeInvis .   X - +3 mace (freeze)
rCold   . . .      Faith    .   (no shield)
rNeg    + . .      Spirit   .   (body armour currently unavailable)
rPois   ∞          Reflect  .   (helmet currently unavailable)
rElec   .          Harm     .   (cloak currently unavailable)
rCorr   .          Rampage  .   (gloves currently unavailable)
Will    +....      NoTele   +   (boots currently unavailable)
Stlth   +++.......              (no amulet)
HPRegen 0.27/turn               w - ring of willpower
MPRegen 0.12/turn               q - +4 ring of slaying

@: tree-form
A: stationary, stasis, torment immunity, boosted hp, sickness immunity, AC +8,
negative energy resistance 1, (electricity resistance), torment resistance 1,
petrification resistance
a: Renounce Religion, Berserk, Trog's Hand, Brothers in Arms


You were on level 8 of the Dungeon.
You worshipped Trog.
Trog was extremely pleased with you.
You were a tree.
You visited 1 branch of the dungeon, and saw 9 of its levels.

You collected 562 gold pieces.

Inventory:

Hand Weapons
 a - a +0 mace
 j - a +0 sling
 A - a +0 morningstar
 U - a +0 shortbow
 X - a +3 mace of freezing (weapon)
Missiles
 d - 21 poisoned darts
 k - 81 stones (quivered)
 D - a throwing net
 R - 4 javelins
 S - 3 boomerangs
Armour
 b - a +0 ring mail (melded)
 h - a +2 robe of fire resistance
 p - a +0 helmet (melded)
 s - a +1 pair of gloves (melded)
 u - a +0 scale mail
 L - a +0 cloak (melded)
 N - a +0 leather armour
 O - a scarf of harm
Jewellery
 c - a ring of protection from fire
 q - a +4 ring of slaying (right branch)
 w - a ring of willpower (left branch)
 P - a ring of ice
 W - a ring of fire
Wands
 g - a wand of iceblast (9)
 t - a wand of polymorph (16)
 y - a wand of charming (5)
 E - a wand of flame (37)
 Q - a wand of mindburst (9)
Scrolls
 e - a scroll of enchant weapon {unknown}
 f - 6 scrolls of teleportation {unknown}
 l - 3 scrolls of summoning {unknown}
 o - 5 scrolls of enchant armour {unknown}
 r - a scroll of noise {unknown}
 v - 3 scrolls of blinking {unknown}
 x - a scroll of brand weapon {unknown}
 C - 8 scrolls of poison
 I - a scroll of amnesia {unknown}
 J - 2 scrolls of torment {unknown}
 K - a scroll of vulnerability {unknown}
 M - 2 scrolls of immolation
 T - a scroll of butterflies
 V - a scroll of fear
Potions
 i - 2 potions of cancellation
 m - 2 potions of lignification
 n - 2 potions of attraction
 z - a potion of flight {unknown}
 B - a potion of ambrosia {unknown}
 F - 3 potions of curing {unknown}
 G - 2 potions of mutation {unknown}
 H - 2 potions of might {unknown}
 Y - a potion of berserk rage {unknown}


   Skills:
 + Level 7.8 Fighting
 + Level 11.2 Maces & Flails
 + Level 1.6 Throwing
 * Level 8.9 Armour
 + Level 5.5 Dodging
 + Level 4.6 Stealth


You had 10 spell levels left.
You didn't know any spells.
Your spell library was empty.

Dungeon Overview and Level Annotations

Branches:
Dungeon (9/15)             Temple (0/1) D:4            Lair (0/5) D:8
    Orc: D:9-12

Altars:
Ashenzari
Dithmenos
Makhleb
Ru
Sif Muna
Zin

Shops:
D:7 (=


Innate Abilities, Weirdness & Mutations

You are a tree.
Your roots penetrate the ground, keeping you stationary.
You cannot be teleported.
You are immune to unholy pain and torment.
Your maximum health is greatly increased.
Your equipment is partially melded.
You are immune to sickness and miasma.
((Your stone body is resilient. (AC +8)))
You are immune to poison.
You resist negative energy. (rN+)
((You are resistant to electric shocks. (rElec)))
You are resistant to unholy torment.
You are immune to petrification.


Message History

* * * LOW HITPOINT WARNING * * *
You hit the yak. You freeze the yak.
The yak is severely wounded.
You hit the yak. You freeze the yak.
The yak is almost dead.
The yak gores you but does no damage.
You thump the yak! You freeze the yak.
You kill the yak!
Trog accepts your kill.
You hit the yak. You freeze the yak.
The yak is moderately wounded.
The yak gores you but does no damage.
You sock the yak! You freeze the yak.
The yak is severely wounded.
The yak gores you but does no damage.
You sock the yak! You freeze the yak.
The yak is almost dead.
The yak gores you!
* * * LOW HITPOINT WARNING * * *
You sock the yak! You freeze the yak.
You kill the yak!
Trog accepts your kill.
You thump the yak! You freeze the yak.
The yak is heavily wounded.
The yak gores you but does no damage.
You sock the yak! You freeze the yak.
The yak is severely wounded.
You sock the yak! You freeze the yak.
You kill the yak!
Trog accepts your kill.
You sock the yak! You freeze the yak.
The yak is moderately wounded.
The yak gores you but does no damage.
You thump the yak! You freeze the yak.
The yak is severely wounded.
The yak barely misses you.
You hit the yak. You freeze the yak.
The yak is almost dead.
The yak gores you!
You die...

###.#.♣ ♣..♣ ♣..♣
♣.#...######.## #
#.#.♣♣♣..♣♣♣..♣♣♣.#...#
#.## #
#.#♣...♣♣...♣♣...♣#.###
#...
#.#######...#######.#
#.##
#...................#
###.##
#####.###[####.######
#..... #######.###.#
#.# #.#..≈
........##..# #)#
#.).#≈
####.####...####♣#
#...##
#####........##Y###
#..#.#
#.................#
#.≈##.
#............#.#..#
#.≈≈##
#..............#..#
#.≈≈##
##..#..>.#....###.>#
#.≈≈#. ..............#
#†.# #.≈≈##
........#.....#
#..#########..≈≈≈
..............#
#.............≈≈≈


You could see a yak.

Vanquished Creatures
  A death yak (D:8)
  9 yaks (D:8)
  A basilisk (D:8)
  Menkaure (D:5)
  2 water moccasins (D:5)
  An orc warrior (D:8)
  2 sky beasts
  3 ice beasts
  2 centaurs
  2 phantoms
  A kobold brigand (D:8)
  6 bullfrogs
  A scorpion (D:5)
  A gnoll sergeant (D:8)
  8 wights
  7 howler monkeys
  A hound (D:5)
  4 jellies
  A gnoll bouda (D:4)
  2 orc priests
  Jessica (D:2)
  Ijyb (D:3)
  3 iguanas
  3 orc wizards (D:8)
  Robin (D:2)
  6 adders
  12 gnolls
  An ufetubus (D:5)
  A worm (D:2)
  2 dart slugs
  23 orcs
  11 ball pythons
  7 bats
  4 endoplasms
  2 giant cockroaches
  24 goblins
  10 hobgoblins
  7 jackals (D:3)
  2 quokkas (D:3)
  5 frilled lizards
  11 kobolds
  2 rats (D:3)
195 creatures vanquished.

Vanquished Creatures (collateral kills)
  2 death yaks (D:8)
  4 yaks (D:8)
  A sky beast (D:8)
  An orc (D:8)
8 creatures vanquished.

Vanquished Creatures (others)
  A plant (D:6)
  5 toadstools (D:1)
6 creatures vanquished.

Grand Total: 209 creatures vanquished

Notes
Turn   | Place    | Note
-------+----------+-------------------------------------------
     0 | D:1      | KittyFluff the Gargoyle Berserker began the quest for the
                  | Orb.
     0 | D:1      | Reached XP level 1. HP: 14/14 MP: 1/1
   213 | D:1      | Found a faded altar of an unknown god.
   464 | D:1      | Reached XP level 2. HP: 19/19 MP: 2/2
  1069 | D:2      | Reached XP level 3. HP: 22/24 MP: 3/3
  1125 | D:2      | Noticed Jessica
  1153 | D:2      | Killed Jessica
  1154 | D:2      | Reached XP level 4. HP: 29/29 MP: 4/4
  1253 | D:2      | Noticed Robin
  1259 | D:2      | Reached ** piety under Trog
  1268 | D:2      | Killed Robin
  2359 | D:3      | Reached skill level 4 in Maces & Flails
  2359 | D:3      | Reached skill level 1 in Stealth
  2435 | D:3      | Found a burning altar of Makhleb.
  2435 | D:3      | Noticed a cacodemon
  2465 | D:3      | Reached XP level 5. HP: 30/33 MP: 5/5
  2478 | D:3      | Found a shadowy altar of Dithmenos.
  2496 | D:3      | Noticed Ijyb
  2513 | D:3      | Killed Ijyb
  2661 | D:3      | Found a sacrificial altar of Ru.
  2698 | D:3      | Reached *** piety under Trog
  2960 | D:4      | Noticed a phantom
  2984 | D:4      | Killed a phantom
  2985 | D:4      | Reached XP level 6. HP: 35/38 MP: 6/6
  3197 | D:4      | Found a glowing silver altar of Zin.
  3356 | D:4      | Reached skill level 5 in Maces & Flails
  3643 | D:4      | Found a staircase to the Ecumenical Temple.
  3673 | D:5      | Entered Level 5 of the Dungeon
  3714 | D:5      | Noticed Menkaure
  3853 | D:4      | Reached XP level 7. HP: 44/44 MP: 7/7
  3859 | D:5      | Killed Menkaure
  4396 | D:5      | Found a shimmering blue altar of Sif Muna.
  4404 | D:5      | Reached skill level 5 in Fighting
  4404 | D:5      | Reached skill level 6 in Maces & Flails
  4647 | D:5      | Reached XP level 8. HP: 11/49 MP: 8/8
  5222 | D:6      | Reached skill level 5 in Armour
  5228 | D:6      | Reached skill level 7 in Maces & Flails
  5572 | D:6      | Reached **** piety under Trog
  5593 | D:6      | Found a broken altar of Ashenzari.
  6637 | D:7      | Reached XP level 9. HP: 55/55 MP: 9/9
  6642 | D:7      | Reached skill level 8 in Maces & Flails
  6722 | D:7      | Found Jeafuf's Weapon Shoppe.
  6776 | D:7      | Found Huopholo's Jewellery Boutique.
  8027 | D:8      | Reached ***** piety under Trog
  8354 | D:8      | Noticed a death yak
  8354 | D:8      | Noticed a death yak
  8371 | D:8      | Killed a death yak
  8372 | D:8      | Reached skill level 9 in Maces & Flails
  8379 | D:8      | Killed a death yak
  8380 | D:8      | Reached skill level 1 in Throwing
  8380 | D:8      | Reached XP level 10. HP: 12/61 MP: 10/10
  8382 | D:8      | Reached skill level 5 in Dodging
  8386 | D:8      | Reached skill level 10 in Maces & Flails
  8386 | D:8      | Noticed a death yak
  8390 | D:8      | Killed a death yak
  8394 | D:8      | HP: 3/63 [yak (7)]
  8671 | D:8      | Found a staircase to the Lair.
  9104 | D:9      | Noticed a two-headed ogre
  9180 | D:8      | Reached skill level 11 in Maces & Flails
  9300 | D:8      | Reached XP level 11. HP: 51/68 MP: 11/11
  9402 | D:8      | HP: 3/102 [yak (8)]
  9409 | D:8      | Slain by a yak

Illustrated notes

Levels and vault maps discovered:
D:1:      ldierk_walled_garden, layout_basic, chequers_ecumenical_altar_grove,
          bh_walls_and_bars
D:2:      layout_basic, uniq_jessica, uniq_robin
D:3:      layout_rooms, nicolae_dithmenos_shadow_blocks,
          mainiacjoe_overflow_boulevard, makhleb_altar_promises_db,
          chequers_serial_rivers_large_b, uniq_ijyb
D:4:      layout_rooms, mainiacjoe_overflow_cross_hatched, temple_green
D:5:      layout_loops_ring, mainiacjoe_overflow_chevrons, uniq_menkaure
D:6:      corexii_shantytown, layout_rooms, lemuel_doored_altar
D:7:      layout_basic, serial_shops, kennysheep_mini_moat, shop_coins,
          minivault_5
D:8:      nzn_winding_woodlands_small [nzn_winding_woodlands_5x15_crooked,
          nzn_winding_woodlands_center_lodge,
          nzn_winding_woodlands_5x15_zeroes], layout_loops_ring,
          dpeg_lair_monsters, eino_small_chamber_without_monster,
          grunt_decor_junction
D:9:      layout_rooms, nicolae_uskayaw_dance_hall, orc_0_dummy, uniq_maurice

Skill      XL: |  1  2  3  4  5  6  7  8  9 10 |
---------------+-------------------------------+-----
Dodging        | 2 3 4 5 |  5.5
Armour         | 3 4 5 7 8 |  8.9
Fighting       | 4 5 6 7 |  7.8
Maces & Flails | 4 5 6 7 9 11 | 11.2
Stealth        | 1 2 3 4 |  4.6
Throwing       | 1 |  1.6

Action                   |  1- 3 |  4- 6 |  7- 9 | 10-12 || total
-------------------------+-------+-------+-------+-------++-------
Melee: Mace              |    74 |   194 |   305 |   126 ||   699
       Punch             |       |     2 |     2 |       ||     4
Throw: Stone             |       |       |    17 |     6 ||    23
Invok: Berserk           |       |       |     1 |       ||     1
       Brothers in Arms  |       |       |     1 |       ||     1
  Use: Scroll            |       |     5 |     4 |     1 ||    10
       Potion            |       |       |       |     2 ||     2
 Stab: Sleeping          |     1 |       |     2 |       ||     3
Armor: Animal skin       |    14 |       |       |       ||    14
       Robe              |    17 |   105 |   118 |    11 ||   251
       Skin              |       |     3 |       |     9 ||    12
       Ring mail         |       |       |       |    33 ||    33
Dodge: Dodged            |    46 |   155 |   177 |    61 ||   439
